 Dungeon Crawl Stone Soup version 0.24-a0-252-g5076262 (webtiles) character file.

Game seed: 4972676182360803273

98326 Inarius the Executioner (level 15, -5/136 HPs)
             Began as a Minotaur Monk on Apr 16, 2019.
             Was the Champion of Qazlal.
             Slain by a titanic slime creature (36 damage)
             ... on level 14 of the Dungeon on Apr 17, 2019.
             The game lasted 00:56:37 (27437 turns).

Inarius the Executioner (Minotaur Monk)            Turns: 27437, Time: 00:56:38

Health: -5/136     AC: 28    Str: 22    XL:     15   Next: 74%
Magic:  21/21      EV:  8    Int:  7    God:    Qazlal [******]
Gold:   1167       SH: 11    Dex: 13    Spells: 14/14 levels left

rFire    + . .     SeeInvis .   W - +2 broad axe (elec)
rCold    + . .     Gourm    .   L - +0 buckler (curse)
rNeg     . . .     Faith    .   E - +2 plate armour {rC+}
rPois    .         Spirit   .   (helmet unavailable)
rElec    .         Reflect  .   i - +1 cloak
rCorr    +         Harm     .   X - +1 pair of gloves
MR       +....                  (no boots)
Stlth    ..........             h - amulet of magic regeneration
HPRegen  0.32/turn              V - ring of resist corrosion
MPRegen  0.42/turn              J - ring of protection from fire

@: protected from physical damage, repel missiles
A: retaliatory headbutt, horns 3, yellow scales 1
a: Upheaval, Elemental Force, Disaster Area, Renounce Religion


You were on level 14 of the Dungeon.
You worshipped Qazlal.
Qazlal was exalted by your worship.
You were not hungry.

You visited 4 branches of the dungeon, and saw 23 of its levels.
You also visited: Sewer and Ice Cave.

You collected 2630 gold pieces.
You spent 1463 gold pieces at shops.

Inventory:

Hand Weapons
 u - a +3 broad axe of flaming
 U - the +3 war axe of Tumult {antimagic, rF+ Dex+3}
   (You found it on level 6 of the Lair of Beasts)

   It reduces the magical energy of the wielder, and disrupts the spells and
   magical abilities of those hit.
   Natural abilities and divine invocations are not affected.
   It affects your dexterity (+3).
   It protects you from fire.
 W - a +2 broad axe of electrocution (weapon)
Missiles
 p - 14 javelins of penetration (quivered)
 K - 6 throwing nets
Armour
 f - a +1 troll leather armour
 i - a +1 cloak (worn)
 A - a +1 plate armour of fire resistance
 E - a +2 plate armour of cold resistance (worn)
 L - a cursed +0 buckler (worn)
 O - a +1 hat
 X - a +1 pair of gloves (worn)
Jewellery
 h - an amulet of magic regeneration (around neck)
 r - an uncursed ring of ice
 t - an uncursed ring of poison resistance
 J - a ring of protection from fire (right hand)
 S - an uncursed ring of positive energy
 V - a ring of resist corrosion (left hand)
Wands
 j - a wand of iceblast (21)
 y - a wand of flame (64)
 M - a wand of random effects (49)
 N - a wand of scattershot (5)
 R - a wand of acid (14)
Scrolls
 b - 7 scrolls of identify
 d - 6 scrolls of random uselessness
 g - a scroll of holy word
 o - 14 scrolls of teleportation
 q - 8 scrolls of remove curse
 v - 5 scrolls of blinking
 w - 5 scrolls of enchant armour
 x - a scroll of amnesia
 G - 7 scrolls of magic mapping
 H - 4 scrolls of noise
 T - 3 scrolls of fear
Potions
 a - a potion of mutation
 e - 4 potions of flight
 k - 10 potions of curing
 l - 5 potions of lignification
 m - 2 potions of magic
 n - a potion of invisibility
 s - 4 potions of berserk rage
 z - 3 potions of cancellation
 B - 4 potions of brilliance
 C - 4 potions of haste
 D - 4 potions of heal wounds
 F - 4 potions of might
 I - 3 potions of resistance
 Q - 3 potions of agility
 Z - a potion of ambrosia
Miscellaneous
 P - a lamp of fire
Comestibles
 c - 57 rations


   Skills:
 + Level 13.5 Fighting
 * Level 21.3 Axes
 + Level 13.0 Armour
 - Level 4.3 Dodging
 - Level 1.5 Stealth
 - Level 0.6 Shields
 + Level 1.0 Unarmed Combat
 * Level 9.8 Invocations
 * Level 9.1 Evocations


You had 14 spell levels left.
You didn't know any spells.
Your spell library contained the following spells:

 Spells                   Type           Power        Failure   Level  Hunger
 Apportation              Tloc           #.....       100%        1    ##.....
 Beastly Appendage        Tmut           #.....       100%        1    ##.....
 Confusing Touch          Hex            #.....       100%        1    ##.....
 Corona                   Hex            #......      100%        1    ##.....
 Magic Dart               Conj           #...         100%        1    ##.....
 Sandblast                Erth           #.....       100%        1    ##.....
 Summon Butterflies       Summ           #.......     100%        1    ##.....
 Summon Small Mammal      Summ           #...         100%        1    ##.....
 Blink                    Tloc           N/A          100%        2    ###....
 Call Imp                 Summ           #.......     100%        2    ###....
 Ensorcelled Hibernation  Hex/Ice        #.....       100%        2    ###....
 Poisonous Vapours        Pois/Air       #.....       100%        2    ###....
 Searing Ray              Conj           #.....       100%        2    ###....
 Slow                     Hex            #.......     100%        2    ###....
 Sticks to Snakes         Tmut           #.......     100%        2    ###....
 Call Canine Familiar     Summ           #.......     100%        3    ####...
 Confuse                  Hex            #.......     100%        3    ####...
 Conjure Flame            Conj/Fire      #.......     100%        3    ####...
 Dazzling Spray           Conj/Hex       #.....       100%        3    ####...
 Gell's Gravitas          Tloc           #.........   100%        3    ####...
 Inner Flame              Hex/Fire       #.......     100%        3    ####...
 Lesser Beckoning         Tloc           #.........   100%        3    ####...
 Mephitic Cloud           Conj/Pois/Air  #.......     100%        3    ####...
 Portal Projectile        Hex/Tloc       #.....       100%        3    ####...
 Spider Form              Tmut/Pois      #.........   100%        3    ####...
 Summon Guardian Golem    Hex/Summ       #.......     100%        3    ####...
 Tukima's Dance           Hex            #.......     100%        3    ####...
 Cause Fear               Hex            #.........   100%        4    #####..
 Force Lance              Conj/Tloc      #.......     100%        4    #####..
 Fulminant Prism          Conj/Hex       #.........   100%        4    #####..
 Ice Form                 Ice/Tmut       #.......     100%        4    #####..
 Iskenderun's Mystic Bla  Conj           #.......     100%        4    #####..
 Leda's Liquefaction      Hex/Erth       #.........   100%        4    #####..
 Petrify                  Tmut/Erth      #.......     100%        4    #####..
 Summon Ice Beast         Ice/Summ       #.......     100%        4    #####..
 Summon Lightning Spire   Summ/Air       #.......     100%        4    #####..
 Alistair's Intoxication  Tmut/Pois      #.......     100%        5    ######.
 Blade Hands              Tmut           #.........   100%        5    ######.
 Metabolic Englaciation   Hex/Ice        #.........   100%        5    ######.
 Silence                  Hex/Air        #.........   100%        5    ######.
 Summon Mana Viper        Hex/Summ       #.......     100%        5    ######.
 Yara's Violent Unravell  Hex/Tmut       #.........   100%        5    ######.
 Deflect Missiles         Chrm/Air       #.........   100%        6    #######
 Freezing Cloud           Conj/Ice/Air   #.........   100%        6    #######
 Invisibility             Hex            #.......     100%        6    #######
 Shadow Creatures         Summ           N/A          100%        6    #######
 Statue Form              Tmut/Erth      #........    100%        6    #######
 Malign Gateway           Summ/Tloc      #.........   100%        7    #######
 Ring of Flames           Chrm/Fire      #.........   100%        7    #######
 Summon Hydra             Summ           #.........   100%        7    #######
 Discord                  Hex            #.........   100%        8    #######
 Dragon's Call            Summ           #.........   100%        9    #######


Dungeon Overview and Level Annotations

Branches:
Dungeon (14/15)            Temple (1/1) D:7            Lair (6/6) D:9
  Swamp (0/4) Lair:3        Snake (0/4) Lair:4        Slime (0/5) Lair:5
    Orc (2/2) D:10            Elf (0/3) Orc:2        Vaults (0/5) D:13

Altars:
Ashenzari
Cheibriados
Dithmenos
Elyvilon
Fedhas
Gozag
Kikubaaqudgha
Makhleb
Nemelex Xobeh
Qazlal
Ru
Trog
Uskayaw
Wu Jian
Xom
Yredelemnul
Zin
The Shining One
Beogh

Shops:
D:5 (%*:   D:9 :   D:10 =   D:13 ?   Orc:2 (*%


Innate Abilities, Weirdness & Mutations

You reflexively headbutt those who attack you in melee.
You have a pair of large horns on your head.
You are partially covered in yellow scales. (AC +2)


Message History

Your headbutt misses the titanic slime creature.
The titanic slime creature is severely wounded.
A deep elf mage comes into view. It is wielding a +0 short sword.
The titanic slime creature hits you!!!
Ouch! That really hurt!
* * * LOW HITPOINT WARNING * * *
You feel more protected from physical attacks.
You are too injured to fight recklessly!
Unknown command.
You are too injured to fight recklessly!
Unknown command.
You are too injured to fight recklessly!
Unknown command.
You are too injured to fight recklessly!
You are too injured to fight recklessly!
Unknown command.
You slash the titanic slime creature!
The titanic slime creature is severely wounded.
The titanic slime creature hits you!!!
You die... #e########### #..J@.....<.# #############

You could see a titanic slime creature and a deep elf mage.

Vanquished Creatures
  Jorgrun (D:12)
  Rupert (Lair:5)
  Kirke (D:12)
  A stone giant (Orc:2)
  Nessos (D:12)
  A minotaur (Lair:3)
  A fire dragon (Lair:6)
  The ghost of eyesofgods1 the Black Belt, a journeyman DsMo of Cheibriados (Lair:3)
  A yaktaur captain (D:13)
  9 hydras
  2 shambling mangroves (Lair:5)
  2 centaur warriors (D:13)
  Harold (D:11)
  Erica (Lair:2)
  3 two-headed ogres
  6 death yaks
  7 orc high priests
  The ghost of Buarolus the Thaumaturge, a journeyman DEFE of Vehumet (Lair:2)
  Sonja (Lair:3)
  Pikel (D:5)
  11 orc knights
  2 lindwurms (Lair:6)
  A necromancer (IceCv)
  A deep elf mage (D:13)
  3 oklob plants (Lair:3)
  2 manticores
  5 ugly things
  3 cyclopes
  4 ice statues (IceCv)
  7 elephants
  Joseph (D:9)
  5 black mambas
  Psyche (D:9)
  Maurice (Orc:1)
  A centaur zombie (D:11)
  3 molten gargoyles (Lair:6)
  A gargoyle (D:13)
  10 spiny frogs
  3 rime drakes
  7 komodo dragons
  2 yaktaurs (D:13)
  9 ice devils (IceCv)
  2 queen bees
  A wandering mushroom (Lair:5)
  2 meliai (D:12)
  4 trolls
  3 hornets (Lair:5)
  3 polar bears
  5 dream sheep (Lair:6)
  9 blink frogs
  8 hippogriffs
  A shadow (D:13)
  8 spriggans
  6 wyverns
  37 yaks
  A basilisk (shapeshifter) (D:11)
  4 steam dragons
  2 hogs (D:12)
  Grum (D:9)
  6 basilisks
  3 vampire mosquitoes (D:12)
  2 hungry ghosts
  2 swamp worms (Lair:3)
  4 hell hounds (Lair:6)
  A soldier ant (D:13)
  10 water moccasins
  53 orc warriors
  2 sky beasts
  2 slaves (D:5)
  6 porcupines
  11 ice beasts
  2 black bears
  An eye of draining (D:13)
  10 centaurs
  10 ogres
  18 wolves
  9 crocodiles
  5 big kobolds
  15 bullfrogs
  5 scorpions
  63 killer bees
  6 howler monkeys
  5 electric eels (Lair:3)
  5 lava snakes (Lair:6)
  4 bullfrog zombies
  7 crimson imps
  3 draconian simulacra (IceCv)
  4 jellies
  42 orc priests
  A bullfrog skeleton (D:5)
  6 hounds
  3 centaur skeletons
  A gnoll shaman (D:6)
  8 iguanas
  Terence (D:2)
  A hell rat (Lair:2)
  A merfolk siren (Sewer)
  21 orc wizards
  2 troll simulacra (IceCv)
  11 worker ants
  A spriggan simulacrum (IceCv)
  A merfolk avatar (Sewer)
  3 centaur simulacra (IceCv)
  2 hound skeletons (D:8)
  A worker ant zombie (D:11)
  10 gnolls
  19 adders
  An ogre simulacrum (IceCv)
  8 river rats
  An adder zombie (D:7)
  2 adder skeletons (D:7)
  A dart slug (D:1)
  11 leopard geckos
  105 orcs
  9 giant cockroaches
  8 hobgoblins
  A jackal (D:10)
  47 kobolds
  7 quokkas
  10 ball pythons
  10 bats
  10 frilled lizards
  4 goblins
  A quokka skeleton (D:2)
  26 rats
  3 butterflies (Lair:3)
  2 fungi
  8 plants
907 creatures vanquished.

Vanquished Creatures (others)
  Erolcha (Orc:2)
  A wandering mushroom (Lair:5)
  A human (D:12)
  4 fungi
  6 plants
13 creatures vanquished.

Grand Total: 920 creatures vanquished

Notes
Turn   | Place    | Note
-------+----------+-------------------------------------------
     0 | D:1      | Inarius the Minotaur Monk began the quest for the Orb.
     0 | D:1      | Reached XP level 1. HP: 19/19 MP: 0/0
   137 | D:1      | Reached skill level 4 in Axes
   203 | D:1      | Reached XP level 2. HP: 27/27 MP: 1/1
   503 | D:1      | Reached XP level 3. HP: 33/33 MP: 2/2
  1244 | D:2      | Noticed Terence
  1249 | D:2      | Reached skill level 5 in Axes
  1264 | D:2      | Killed Terence
  1264 | D:2      | Reached skill level 1 in Armour
  1264 | D:2      | Reached XP level 4. HP: 28/40 MP: 3/3
  1783 | D:2      | Found a burning altar of Makhleb.
  1837 | D:2      | Found a shimmering altar of Xom.
  1837 | D:2      | Found a bloodstained altar of Trog.
  2315 | D:3      | Gained mutation: You have a somewhat thin skeletal
                  | structure. (Dex +2, Stealth) [potion of mutation]
  2315 | D:3      | Gained mutation: You are occasionally teleported next to
                  | monsters. [potion of mutation]
  2315 | D:3      | Gained mutation: You have sharp toenails. [potion of
                  | mutation]
  2320 | D:3      | Reached XP level 5. HP: 47/47 MP: 4/4
  2328 | D:3      | Reached skill level 6 in Axes
  2358 | D:3      | Reached XP level 6. HP: 32/53 MP: 5/5
  3097 | D:3      | Reached skill level 7 in Axes
  3301 | D:4      | Reached XP level 7. HP: 37/60 MP: 6/6
  3454 | D:4      | Found a glowing drain.
  3462 | D:4      | Reached skill level 5 in Fighting
  3473 | Sewer    | Entered a sewer
  3649 | Sewer    | Reached skill level 8 in Axes
  4375 | D:5      | Entered Level 5 of the Dungeon
  4551 | D:5      | Found Zuenalu's Antique Weapon Emporium.
  4559 | D:5      | Bought a glowing broad axe for 238 gold pieces
  4610 | D:5      | Reached skill level 9 in Axes
  4705 | D:5      | Reached XP level 8. HP: 69/69 MP: 7/7
  4727 | D:5      | Found Jonaecai's Food Emporium.
  4745 | D:5      | Noticed Pikel
  4760 | D:5      | Killed Pikel
  4760 | D:5      | Reached skill level 10 in Axes
  4811 | D:5      | Reached skill level 5 in Armour
  5005 | D:5      | Found Sahochi's General Store.
  5021 | D:5      | Bought a scroll of teleportation for 33 gold pieces
  5021 | D:5      | Bought a potion of mutation for 88 gold pieces
  5370 | D:5      | Found Serrypn's Book Shop.
  5552 | D:6      | Reached skill level 11 in Axes
  6189 | D:6      | Reached XP level 9. HP: 78/78 MP: 8/8
  6584 | D:7      | Found a staircase to the Ecumenical Temple.
  6608 | D:7      | Found an ornate altar of the Wu Jian Council.
  6613 | Temple   | Entered the Ecumenical Temple
  6662 | Temple   | Became a worshipper of Qazlal Stormbringer
  6662 | Temple   | Reached * piety under Qazlal
  6662 | Temple   | Reached ** piety under Qazlal
  6728 | D:7      | Reached skill level 12 in Axes
  6913 | D:7      | Noticed a cyan ugly thing
  6922 | D:7      | Killed a cyan ugly thing
  7085 | D:7      | Reached skill level 1 in Invocations
  7317 | D:8      | Reached skill level 13 in Axes
  7317 | D:8      | Reached skill level 1 in Evocations
  7450 | D:8      | Got an ancient robe
  7461 | D:8      | Identified the +2 robe "Keraaz" {rElec Dex+2} (You found it
                  | on level 8 of the Dungeon)
  7614 | D:8      | Lost mutation: You have sharp toenails. [potion of
                  | mutation]
  7614 | D:8      | Lost mutation: You have a somewhat thin skeletal structure.
                  | (Dex +2, Stealth) [potion of mutation]
  7614 | D:8      | Lost mutation: You are occasionally teleported next to
                  | monsters. [potion of mutation]
  7614 | D:8      | Gained mutation: You are clumsy. (Dex -2) [potion of
                  | mutation]
  7614 | D:8      | Gained mutation: You expend magic power (3 MP) to
                  | strengthen your wands. [potion of mutation]
  7614 | D:8      | Gained mutation: Your body sometimes deteriorates upon
                  | taking damage. [potion of mutation]
  7614 | D:8      | Lost mutation: You are clumsy. (Dex -2) [potion of
                  | mutation]
  7615 | D:8      | Lost mutation: You expend magic power (3 MP) to strengthen
                  | your wands. [potion of mutation]
  7615 | D:8      | Lost mutation: Your body sometimes deteriorates upon taking
                  | damage. [potion of mutation]
  7615 | D:8      | Gained mutation: You have large cloven feet. [potion of
                  | mutation]
  7615 | D:8      | Gained mutation: You occasionally shout uncontrollably at
                  | your foes. [potion of mutation]
  7615 | D:8      | Gained mutation: You have a pair of large horns on your
                  | head. [potion of mutation]
  7651 | D:8      | Noticed a cyan ugly thing
  7657 | D:8      | Killed a cyan ugly thing
  7657 | D:8      | Reached XP level 10. HP: 86/86 MP: 10/10
  8002 | D:9      | Noticed Psyche
  8009 | D:9      | Killed Psyche
  8024 | D:9      | You fall through a shaft for 2 floors!
  8082 | D:11     | Noticed Harold
  8090 | D:11     | Killed Harold
  8090 | D:11     | Reached skill level 14 in Axes
  8140 | D:11     | Reached *** piety under Qazlal
  8153 | D:11     | Found a frozen archway.
  8234 | IceCv    | Entered an ice cave
  8307 | IceCv    | Reached skill level 15 in Axes
  8411 | IceCv    | Noticed an ice statue
  8411 | IceCv    | Noticed an ice statue
  8512 | IceCv    | Killed an ice statue
  8512 | IceCv    | Reached XP level 11. HP: 66/94 MP: 12/12
  9061 | IceCv    | Noticed a necromancer
  9065 | IceCv    | Killed a necromancer
  9674 | D:10     | Entered Level 10 of the Dungeon
  9712 | D:10     | Reached skill level 16 in Axes
  9758 | D:9      | Found a sacrificial altar of Ru.
  9833 | D:9      | Found Nyguynlu's Book Emporium.
  9843 | D:9      | Reached **** piety under Qazlal
  9962 | D:9      | Noticed Joseph
  9989 | D:9      | Killed Joseph
 10067 | D:9      | Found an opulent altar of Gozag.
 10119 | D:9      | Noticed Grum
 10134 | D:9      | Killed Grum
 10307 | D:9      | Found a blossoming altar of Fedhas.
 10346 | D:9      | Found a staircase to the Lair.
 10500 | D:9      | Found a sparkling altar of Nemelex Xobeh.
 10952 | D:10     | Reached skill level 5 in Invocations
 10960 | D:10     | Found a roughly hewn altar of Beogh.
 10960 | D:10     | Found a staircase to the Orcish Mines.
 10976 | D:10     | Reached ***** piety under Qazlal
 11375 | D:10     | Found Kamiack's Jewellery Emporium.
 11696 | D:10     | Upgraded the game from 0.24-a0-251-g44e327e to
                  | 0.24-a0-252-g5076262
 11763 | D:11     | Noticed a six-headed hydra
 11773 | D:11     | Killed a one-headed hydra
 11773 | D:11     | Reached skill level 17 in Axes
 11773 | D:11     | Reached XP level 12. HP: 89/104 MP: 14/14
 12748 | D:11     | Reached skill level 5 in Evocations
 12922 | D:12     | Noticed Jorgrun
 13056 | Lair:1   | Entered Level 1 of the Lair of Beasts
 13288 | Lair:1   | Found a glowing silver altar of Zin.
 13975 | Lair:2   | Reached skill level 18 in Axes
 14040 | Lair:2   | Noticed Erica
 14049 | Lair:2   | Killed Erica
 14157 | Lair:2   | Reached skill level 10 in Fighting
 14213 | Lair:2   | Reached ****** piety under Qazlal
 14320 | Lair:2   | Reached XP level 13. HP: 79/113 MP: 16/16
 14950 | Lair:2   | Found a runed translucent door.
 14976 | Lair:2   | Noticed Buarolus's ghost (journeyman DEFE)
 15017 | Lair:2   | You fall through a shaft!
 15091 | Lair:3   | Noticed Sonja
 15109 | Lair:3   | Found a sparkling altar of Nemelex Xobeh.
 15122 | Lair:3   | Found a runed translucent gate.
 15122 | Lair:3   | Noticed a minotaur
 15123 | Lair:3   | Found a runed translucent gate.
 15124 | Lair:3   | Found a runed translucent gate.
 15124 | Lair:3   | Noticed eyesofgods1's ghost (journeyman DsMo)
 15153 | Lair:3   | Killed Sonja
 16009 | Lair:3   | Reached skill level 10 in Armour
 16262 | Lair:3   | Identified the Tome of Supportive Stones
 16411 | Lair:3   | Reached skill level 19 in Axes
 16430 | Lair:3   | Found a staircase to the Swamp.
 16968 | Lair:4   | Found a staircase to the Snake Pit.
 16992 | Lair:4   | Lost mutation: You occasionally shout uncontrollably at
                  | your foes. [potion of mutation]
 16992 | Lair:4   | Lost mutation: You have a pair of large horns on your head.
                  | [potion of mutation]
 16992 | Lair:4   | Lost mutation: You have large cloven feet. [potion of
                  | mutation]
 16992 | Lair:4   | Gained mutation: You are partially covered in yellow
                  | scales. (AC +2) [potion of mutation]
 16992 | Lair:4   | Gained mutation: You have a pair of large horns on your
                  | head. [potion of mutation]
 17743 | Lair:5   | Noticed Rupert
 17753 | Lair:5   | Killed Rupert
 18461 | Lair:6   | Entered Level 6 of the Lair of Beasts
 18578 | Lair:6   | Reached XP level 14. HP: 100/124 MP: 18/18
 19855 | Lair:6   | Reached skill level 20 in Axes
 20217 | Lair:6   | Found a large runed translucent door.
 20251 | Lair:6   | Found a large runed translucent door.
 20750 | Lair:6   | Identified the +3 war axe of Tumult {antimagic, rF+ Dex+3}
                  | (You found it on level 6 of the Lair of Beasts)
 21183 | Lair:5   | HP: 4/126 [shambling mangrove (9)]
 21495 | Lair:5   | Found a staircase to the Slime Pits.
 21772 | Lair:3   | Identified the Volume of Companions and Moulding
 21909 | Lair:2   | Killed Buarolus's ghost
 21916 | Lair:2   | Identified the +11 flail "Cogramump" {pain, rF+ Str+6
                  | Int-3} (You found it on level 2 of the Lair of Beasts)
 21969 | Lair:3   | Killed eyesofgods1's ghost
 22411 | Orc:1    | Entered Level 1 of the Orcish Mines
 22715 | Orc:1    | Noticed Maurice
 22724 | Orc:1    | Killed Maurice
 22942 | Orc:1    | Found a roughly hewn altar of Beogh.
 23106 | Orc:1    | Found a roughly hewn altar of Beogh.
 23146 | Orc:2    | Entered Level 2 of the Orcish Mines
 23407 | Orc:2    | Noticed Erolcha
 23412 | Orc:2    | Noticed a stone giant
 23420 | Orc:2    | Killed Erolcha
 23427 | Orc:2    | Killed a stone giant
 23427 | Orc:2    | Reached XP level 15. HP: 112/134 MP: 20/20
 23500 | Orc:2    | Found a roughly hewn altar of Beogh.
 23872 | Orc:2    | Found a staircase to the Elven Halls.
 24827 | Orc:2    | Found Bayn's Food Boutique.
 24827 | Orc:2    | Found Morchyefu's Antique Weapon Boutique.
 24828 | Orc:2    | Found Emug Zecw's Food Shop.
 24828 | Orc:2    | Found Feogaj's Assorted Antiques.
 25176 | Orc:2    | Bought a wand of acid (9) for 280 gold pieces
 25176 | Orc:2    | Bought a pair of embroidered gloves for 262 gold pieces
 25178 | Orc:2    | Bought a scroll of blinking for 262 gold pieces
 25178 | Orc:2    | Bought a scroll of identify for 70 gold pieces
 25330 | D:12     | Killed Jorgrun
 25433 | D:12     | Noticed Kirke
 25449 | D:12     | Killed Kirke
 25449 | D:12     | Reached skill level 21 in Axes
 25471 | D:12     | Noticed Nessos
 25500 | D:12     | Killed Nessos
 26144 | D:12     | Identified the cursed +1 battleaxe of the Spectre {freeze,
                  | +Inv} (You found it on level 12 of the Dungeon)
 26576 | D:13     | Reached skill level 1 in Unarmed Combat
 26802 | D:13     | Found a gate to the Vaults.
 26929 | D:13     | Found Ufuuvoq's Magic Scroll Shoppe.
 26941 | D:13     | Bought a scroll of identify for 22 gold pieces
 26941 | D:13     | Bought a scroll of identify for 22 gold pieces
 26941 | D:13     | Bought a scroll of identify for 22 gold pieces
 26941 | D:13     | Bought a scroll of enchant armour for 82 gold pieces
 26941 | D:13     | Bought a scroll of identify for 22 gold pieces
 26941 | D:13     | Bought a scroll of identify for 22 gold pieces
 26941 | D:13     | Bought a scroll of magic mapping for 38 gold pieces
 27437 | D:14     | Slain by a titanic slime creature

Levels and vault maps discovered:
D:1:      lemuel_arrival_tunnels, layout_loops_ring, minmay_misc_feat_rows
D:2:      layout_loops_ring, gammafunk_temple_overflow_wave, first_ration,
          makhleb_blood_cavern_becter, uniq_terence
D:3:      layout_loops_corners
D:4:      layout_loops_ring, gup_sewer_entry_pipe
D:5:      wad_woods_tower, layout_basic, serial_shops, shop, shop_statue,
          kennysheep_mini_moat, shop_fountains, kennysheep_boxes, uniq_pikel
D:6:      kennysheep_kobold_camp, layout_gridville
D:7:      layout_cave_pools, minmay_temple_entry_proselytizer, basic_altar
D:8:      cheibrodos_elevator_heist, layout_basic
D:9:      layout_roguey, nicolae_overflow_crystal_walls, old_standard_altar,
          nicolae_overflow_hidden_temple, nemelex_altar_shiori,
          grunt_lair_entry_orc_guard_hut, serial_shops, shop, uniq_psyche,
          uniq_joseph, uniq_grum
D:10:     layout_layer_cave, david_orc_5, serial_shops, kennysheep_mini,
          st_stairs_9
D:11:     layout_basic, portal_ice_cave_entry_ice_beasts, blue_anna_alchemist
          [blue_anna_fruit_fields, blue_anna_fruit_fields], uniq_harold
D:12:     layout_roguey [special_room_bee], uniq_kirke, uniq_nessos,
          uniq_jorgrun
D:13:     layout_gridville, david_vaults_2, serial_shops, shop_statue
D:14:     layout_basic, serial_bayou_shore_b
Temple:   kb_temple_of_zot
Lair:1:   layout_misc_corridors, basic_altar, serial_bayou_pond_e, wad_woods_01,
          lemuel_fruit_tree
Lair:2:   regret_index_combs_of_tragedy, layout_regular_city,
          ebering_ghost_reflecting_pool, forest_entry_grove,
          infiniplex_staircase_pool_2, uniq_erica
Lair:3:   layout_regular_city, nicolae_swamp_entry_splash_gauntlet,
          maelrawn_ghost_gauntlet_escape, basic_altar, disabler_island,
          lemuel_fruit_fields, serial_bayou_shore_a, lemuel_fruit_fields,
          minmay_lair_oklob_chamber, uniq_sonja
Lair:4:   layout_regular_city, dummy_snake_entry
Lair:5:   layout_hall_layers, minmay_slime_entry_oklob_enclosed,
          chequers_serial_rivers_micro_c, uniq_rupert
Lair:6:   cheibrodos_lair_end_hotspot, layout_regular_city
Orc:1:    layout_caves, special_room [special_room_orc], kennysheep_orc_chapel,
          uniq_maurice
Orc:2:    st_orc_pillars, layout_caves, basic_altar, uniq_erolcha
Sewer:    sewer_sea
IceCv:    ice_cave_tombish

Skill      XL: |  1  2  3  4  5  6  7  8  9 10 11 12 13 14 15 |
---------------+----------------------------------------------+-----
Axes           | 4 5 6 7 9 11 13 15 17 18 19 20 21 | 21.3
Fighting       | 4 5 6 7 8 9 10 11 12 13 | 13.5
Armour         | 1 2 3 4 5 6 7 8 9 11 12 13 | 13.0
Dodging        | 4 |  4.3
Invocations    | 2 3 5 6 7 9 |  9.8
Evocations     | 1 3 4 5 7 8 9 |  9.1
Unarmed Combat | 1 |  1.0
Stealth        | |  1.5
Shields        | |  0.6

Action                   |  1- 3 |  4- 6 |  7- 9 | 10-12 | 13-15 || total
-------------------------+-------+-------+-------+-------+-------++-------
Melee: Hand axe          |    87 |   138 |   140 |       |       ||   365
       Headbutt          |     8 |     9 |    66 |   103 |   213 ||   399
       Kick              |       |    10 |    99 |   176 |    54 ||   339
       Broad axe         |       |       |   198 |   597 |   989 ||  1784
       Unarmed           |       |       |       |       |    11 ||    11
       War axe           |       |       |       |       |     9 ||     9
Evoke: Wand              |       |       |     6 |    33 |    32 ||    71
       Lamp of fire      |       |       |       |       |     1 ||     1
  Use: Potion            |       |     6 |     3 |     1 |     3 ||    13
       Scroll            |       |     9 |     7 |     7 |     7 ||    30
 Stab: Sleeping          |     2 |     6 |     4 |       |       ||    12
  Eat: Chunk             |     1 |     7 |    15 |    18 |    35 ||    76
       Ration            |       |       |       |     1 |     2 ||     3
Armor: Robe              |     4 |       |       |       |       ||     4
       Ring mail         |    28 |    16 |       |       |       ||    44
       Skin              |       |    63 |       |       |       ||    63
       Troll leather arm |       |     9 |    15 |       |       ||    24
       Plate armour      |       |       |   109 |   211 |   407 ||   727
Dodge: Dodged            |    56 |    73 |   121 |   125 |   188 ||   563
       Deflected         |       |       |       |     3 |    29 ||    32
Block: Other             |       |       |     5 |    54 |     5 ||    64
       Buckler           |       |       |       |   111 |   415 ||   526

Table legend:
 A = Non-vault XP
 B = Vault XP
 C = Vault XP percentage of total XP
 D = Non-vault monster count
 E = Vault monster count
 F = Vault count percentage of total count
                 A         B        C        D         E       F
            +---------+---------+-------+---------+---------+-------
      Total |   68624 |   71843 |  51.1 |     499 |     393 |  44.1
            +---------+---------+-------+---------+---------+-------
        D:1 |      55 |       0 |   0.0 |      25 |       0 |   0.0
        D:2 |      47 |      76 |  61.8 |      15 |       2 |  11.8
        D:3 |     423 |       0 |   0.0 |      29 |       0 |   0.0
        D:4 |     349 |      20 |   5.4 |      18 |       8 |  30.8
        D:5 |     386 |     753 |  66.1 |      10 |       7 |  41.2
        D:6 |     533 |     124 |  18.9 |      15 |      21 |  58.3
        D:7 |    1340 |      43 |   3.1 |      23 |       1 |   4.2
        D:8 |    1631 |       0 |   0.0 |      19 |       0 |   0.0
        D:9 |     972 |    2170 |  69.1 |      17 |      12 |  41.4
       D:10 |    2780 |    1225 |  30.6 |      41 |      26 |  38.8
       D:11 |    4791 |    2102 |  30.5 |      42 |      10 |  19.2
       D:12 |    4015 |    9270 |  69.8 |      30 |      30 |  50.0
       D:13 |    7512 |    1739 |  18.8 |      40 |       3 |   7.0
     Lair:1 |    3503 |    1306 |  27.2 |      16 |       6 |  27.3
     Lair:2 |    4099 |    9047 |  68.8 |      25 |      57 |  69.5
     Lair:3 |    4430 |    7069 |  61.5 |      16 |      17 |  51.5
     Lair:4 |    5009 |       0 |   0.0 |      16 |       0 |   0.0
     Lair:5 |    2991 |    5209 |  63.5 |       9 |       4 |  30.8
     Lair:6 |   17200 |    8261 |  32.4 |      44 |      24 |  35.3
      Orc:1 |    1427 |    5015 |  77.8 |      15 |      33 |  68.8
      Orc:2 |    5131 |   12444 |  70.8 |      34 |      71 |  67.6
      Sewer |       0 |     166 | 100.0 |       0 |      37 | 100.0
      IceCv |       0 |    5804 | 100.0 |       0 |      24 | 100.0
            +---------+---------+-------+---------+---------+-------
